 Dungeon Crawl Stone Soup version 0.25-a0-578-gc91f01c39c (webtiles) character file.

Game seed: 4299048139513317996, levelgen mode: deterministic

245 An17 the Insei (level 6, -3/30 HPs)
             Began as a Vine Stalker Transmuter on Mar 4, 2020.
             Killed from afar by an orc wizard (5 damage)
             ... with a puff of flame
             ... on level 3 of the Dungeon.
             The game lasted 00:05:21 (1743 turns).

An17 the Insei (Vine Stalker Transmuter)            Turns: 1743, Time: 00:05:22

Health: -3/30      AC:  2    Str: 13    XL:     6   Next: 10%
Magic:  0/11       EV: 20    Int: 15    God:
Gold:   136        SH:  0    Dex: 19    Spells: 3/11 levels left

rFire    . . .     SeeInvis .     - Unarmed
rCold    . . .     Gourm    .   (shield currently unavailable)
rNeg     . . .     Faith    .   (armour currently unavailable)
rPois    x         Spirit   +   (helmet currently unavailable)
rElec    .         Reflect  .   (cloak currently unavailable)
rCorr    .         Harm     .   (gloves currently unavailable)
MR       .....                  (boots currently unavailable)
Stlth    ++........             (no amulet)
HPRegen  0.50/turn              (no ring)
MPRegen  0.12/turn              (no ring)

@: spider-form (expiring), very slightly contaminated
A: tiny, regeneration 1, magic shield, no potion heal 3, rot immunity
a: End Transformation


You were on level 3 of the Dungeon.
You were not hungry.
You were a venomous arachnid creature.
You visited 1 branch of the dungeon, and saw 3 of its levels.

You collected 136 gold pieces.

Inventory:

Missiles
 a - 12 arrows
 i - 6 boomerangs of dispersal (quivered)
Armour
 e - a +0 chain mail
 h - a +0 ring mail
 m - a +0 leather armour (melded)
Scrolls
 c - a scroll of magic mapping
 k - 4 scrolls of remove curse
Potions
 f - a potion of stabbing
 g - a potion of curing
 j - 3 potions of flight
 l - a potion of heal wounds {unknown}
Comestibles
 d - 3 rations


   Skills:
 + Level 1.2 Fighting
 + Level 0.4 Armour
 + Level 2.3 Dodging
 + Level 1.2 Stealth
 + Level 4.9 Unarmed Combat
 + Level 3.2 Spellcasting
 + Level 2.8 Transmutations
 + Level 0.2 Poison Magic


You had 3 spell levels left.
You knew the following spells:

 Your Spells              Type           Power        Failure   Level  Hunger
a - Beastly Appendage     Tmut           ##....       17%         1    #......
b - Spider Form           Tmut/Pois      #.........   52%         3    ###....
c - Ice Form              Ice/Tmut       #.......     88%         4    #####..

Your spell library contained the following spells:

 Spells                   Type           Power        Failure   Level  Hunger
 Sticks to Snakes         Tmut           ##......     22%         2    ##.....
 Blade Hands              Tmut           ##........   95%         5    ######.


Dungeon Overview and Level Annotations

Branches:
Dungeon (3/15)

Altars:
Dithmenos
Ru
Trog
Yredelemnul
The Shining One


Innate Abilities, Weirdness & Mutations

((You have extremely sharp teeth.))
Your natural rate of healing is unusually fast.
When hurt, damage is shared between your health and your magic reserves.
((Your bite disrupts and absorbs the magic of your enemies.))
Potions cannot restore your health.
You are immune to rotting.


Message History

Increase (S)trength, (I)ntelligence, or (D)exterity?
You feel clever. The orc misses you. Something hits you. The orc misses you.
You barely miss the orc.
The orc is lightly wounded.
Something hits you but does no damage. The orc closely misses you.
The orc priest calls upon Beogh to heal the orc.
The orc misses you.
You hit the orc but do no damage.
The orc is poisoned.
The orc is lightly wounded.
Something hits you.
The orc priest calls upon Beogh to heal the orc.
The orc hits you with a +0 flail!
* * * LOW HITPOINT WARNING * * *
The orc barely misses you.
You hit something.
You hear some strange, mumbled words.
A puff of flame appears from out of thin air!
The puff of flame hits you.
You die...

#........# #.# #.# ##........#
##### #.# #.#
.#........#####...#####.###.#####
.'†.......'...'..............<...
.#........#####.............###.#
.#........# #.........### #..
.#........# #.....#### ##.
.#........# ##.)..# . .#........#
#so.## # ##........# #o..#
#....##### .o...# #....# ......#
.......# ........# #........#
#........#


You could see an orc priest and 2 orcs.

Vanquished Creatures
  An ice beast (D:2)
  A hound (D:2)
  An orc wizard (D:3)
  2 adders (D:3)
  An ooze (D:1)
  A worm (D:2)
  3 dart slugs
  3 leopard geckos
  6 orcs (D:3)
  A ball python (D:2)
  5 bats
  10 goblins
  5 hobgoblins
  4 jackals (D:1)
  4 kobolds
  5 frilled lizards
  4 rats (D:1)
57 creatures vanquished.

Notes
Turn   | Place    | Note
-------+----------+-------------------------------------------
     0 | D:1      | An17 the Vine Stalker Transmuter began the quest for the
                  | Orb.
     0 | D:1      | Reached XP level 1. HP: 9/9 MP: 4/4
    83 | D:1      | Reached XP level 2. HP: 14/14 MP: 4/6
   482 | D:1      | Reached XP level 3. HP: 6/17 MP: 4/7
   494 | D:1      | Learned a level 3 spell: Spider Form
   914 | D:2      | Found a bloodstained altar of Trog.
   915 | D:2      | Found a shadowy altar of Dithmenos.
   915 | D:2      | Found a sacrificial altar of Ru.
   918 | D:2      | Reached skill level 4 in Unarmed Combat
   939 | D:2      | Found a glowing golden altar of the Shining One.
   953 | D:2      | Reached skill level 1 in Fighting
   953 | D:2      | Gained mutation: Your natural rate of healing is unusually
                  | fast. [Vine Stalker growth]
   953 | D:2      | Reached XP level 4. HP: 2/22 MP: 0/8
   965 | D:2      | Learned a level 4 spell: Ice Form
  1000 | D:2      | Found a basalt altar of Yredelemnul.
  1256 | D:2      | Noticed an ice beast
  1265 | D:2      | Killed an ice beast
  1265 | D:2      | Reached skill level 1 in Stealth
  1265 | D:2      | Reached XP level 5. HP: 25/25 MP: 3/10
  1740 | D:3      | Reached XP level 6. HP: 15/30 MP: 0/11
  1743 | D:3      | Killed from afar by an orc wizard

Levels and vault maps discovered:
D:1:      minmay_arrival_checkered_box, layout_loops_ring, minivault_24,
          minmay_hexomino_u4
D:2:      layout_loops_ring, yredelemnul_altar_generic,
          nicolae_overflow_quartered_altars
D:3:      layout_basic, lemuel_crystal_altar,
          chequers_temple_overflow_minitemple

Skill      XL: |  1  2  3  4 |
---------------+-------------+-----
Unarmed Combat | 4 |  4.9
Fighting       | 1 |  1.2
Dodging        | 2 |  2.3
Stealth        | 1 |  1.2
Spellcasting   | 3 |  3.2
Armour         | |  0.4
Transmutations | |  2.8
Poison Magic   | |  0.2

Action                   |  1- 3 |  4- 6 || total
-------------------------+-------+-------++-------
Melee: Unarmed           |    85 |    82 ||   167
       Bite              |    15 |    15 ||    30
       Kick              |     6 |     6 ||    12
       Headbutt          |     3 |     5 ||     8
       Punch             |     2 |     1 ||     3
 Cast: Beastly Appendage |    13 |     8 ||    21
       Spider Form       |       |     2 ||     2
  Use: Scroll            |     6 |     3 ||     9
  Eat: Ration            |       |     1 ||     1
Armor: Robe              |    18 |     6 ||    24
       Leather armour    |       |    10 ||    10
       Skin              |       |     2 ||     2
Dodge: Dodged            |    37 |    76 ||   113

Table legend:
 A = Non-vault XP
 B = Vault XP
 C = Vault XP percentage of total XP
 D = Non-vault monster count
 E = Vault monster count
 F = Vault count percentage of total count
                 A         B        C        D         E       F
            +---------+---------+-------+---------+---------+-------
      Total |     342 |       8 |   2.3 |      54 |       3 |   5.3
            +---------+---------+-------+---------+---------+-------
        D:1 |      48 |       8 |  14.3 |      24 |       3 |  11.1
        D:2 |     199 |       0 |   0.0 |      12 |       0 |   0.0
        D:3 |      95 |       0 |   0.0 |      18 |       0 |   0.0
            +---------+---------+-------+---------+---------+-------
